Map: [ESL] Data-C

Players

NightMare

  • Race: Protoss Protoss
  • Spawn Location: 3:00

Serral - Winner!

  • Race: Zerg Zerg
  • Spawn Location: 9:00

Event: HomeStory Cup XXII

VOD

Have the link to the VOD?

Description

Time

  • Played on: Dec. 15, 2022, 12:58 p.m.
  • Length: 12:23

All games in this series

Show
View Real Time Build Order
Export as new Build Order

NightMare Protoss 

Build Orders: 1 Gate Expand, Oracle Opening, Zealot Archon, Archon Drop 

Get SALT Encoding   

  12  0:00  Probe  
  13  0:12  Probe  
  14  0:19  Pylon  
  14  0:24  Probe  
  15  0:37  Probe (Chrono Boost)  
  15  0:40  Gateway  
  16  0:46  Probe (Chrono Boost)  
  17  0:52  Probe, Assimilator  
  18  1:05  Probe  
  19  1:17  Probe  
  20  1:28  Nexus  
  20  1:38  Cybernetics Core  
  20  1:41  Probe  
  21  1:48  Assimilator  
  21  1:53  Probe  
  22  1:59  Pylon  
  22  2:05  Probe  
  23  2:15  Adept (Chrono Boost)  
  23  2:17  Probe  
  23  2:21  Stargate  
  27  2:30  Warp Gate, Probe  
  27  2:37  Adept  
  27  2:43  Probe (Chrono Boost)  
  31  2:47  Probe (Chrono Boost)  
  32  2:52  Probe (Chrono Boost)  
  32  2:55  Probe (Chrono Boost)  
  32  2:57  Probe (Chrono Boost)  
  33  3:02  Oracle (Chrono Boost)  
  37  3:06  Probe  
  37  3:09  Probe  
  37  3:12  Gateway  
  39  3:18  Probe  
  40  3:20  Pylon  
  40  3:21  Probe  
  41  3:29  Oracle (Chrono Boost)  
  41  3:30  Probe  
  41  3:33  Probe  
  46  3:42  Probe  
  46  3:45  Probe  
  48  3:54  Nexus  
  48  3:58  Probe x2, Pylon  
  48  4:02  Assimilator  
  50  4:06  Pylon  
  50  4:07  Assimilator  
  50  4:10  Probe x2  
  52  4:20  Twilight Council  
  52  4:22  Probe x2  
  54  4:26  Robotics Facility  
  54  4:28  Stalker  
  56  4:35  Probe x2  
  58  4:42  Gateway  
  58  4:43  Gateway  
  58  4:47  Charge (Chrono Boost), Probe x2  
  58  4:50  Gateway  
  58  4:52  Gateway  
  60  4:58  Templar Archives  
  60  5:02  Probe  
  60  5:04  Probe  
  60  5:07  Probe  
  63  5:14  Probe  
  63  5:16  Warp Prism (Chrono Boost), Probe  
  63  5:19  Probe  
  68  5:22  Pylon  
  68  5:26  Probe  
  69  5:28  Probe  
  69  5:31  Probe  
  71  5:38  Probe  
  71  5:41  Probe  
  73  5:43  Probe  
  73  5:45  High Templar x3  
  73  5:48  Shield Battery, Zealot, Pylon  
  73  5:49  Zealot  
  84  5:50  Probe  
  84  5:51  High Templar  
  84  5:56  Archon x2, Probe x2  
  89  5:58  Forge  
  89  6:02  Probe  
  90  6:05  Assimilator  
  90  6:08  Probe x2  
  90  6:09  Assimilator, Pylon  
  92  6:15  Protoss Ground Weapons Level 1 (Chrono Boost)  
  92  6:19  Probe  
  92  6:20  Probe  
  92  6:23  Zealot x3  
  100  6:28  Robotics Bay, Blink (Chrono Boost)  
  100  6:30  Pylon x2  
  100  6:33  Zealot x3  
  100  6:36  Observer  
  107  6:46  Pylon  
  107  6:52  Nexus  
  107  6:53  Pylon  
  107  6:59  Zealot x6  
  118  7:03  Probe x3  
  121  7:10  Robotics Facility  
  121  7:12  Pylon  
  121  7:15  Probe  
  122  7:20  Disruptor (Chrono Boost), Nexus  
  122  7:26  Gateway  
  123  7:34  Gateway  
  123  7:37  Pylon  
  123  7:39  High Templar x2  
  123  7:40  Shield Battery, Sentry, High Templar x2  
  123  7:41  Shield Battery  
  133  7:49  Disruptor (Chrono Boost)  
  133  7:50  Archon x2, Pylon  
  136  7:54  Photon Cannon  
  136  7:55  Photon Cannon  
  136  8:03  Disruptor (Chrono Boost)  
  139  8:10  Stalker x2  
  139  8:12  Probe x3  
  146  8:13  Pylon  
  146  8:18  Stalker x4  
  154  8:31  Protoss Ground Weapons Level 2 (Chrono Boost)  
  150  8:36  Stalker x4  
  150  8:37  Photon Cannon  
  150  8:38  Probe x4  
  160  8:43  Assimilator x2  
  160  8:45  Pylon  
  160  8:50  Stalker x2  
  160  8:54  Stalker  
  160  8:55  Stalker  
  160  9:02  Stalker x3  
  162  9:07  Stalker  
  157  9:15  Probe x4  
  133  9:33  Stalker x7  
  133  9:34  Stalker  
  133  9:36  Probe (Chrono Boost)  
  146  9:46  Probe (Chrono Boost)  
  146  9:47  Probe x2 (Chrono Boost)  
  146  9:50  Probe (Chrono Boost)  
  147  9:55  Probe (Chrono Boost)  
  147  9:59  Probe x3 (Chrono Boost)  
  148  10:01  Shield Battery  
  151  10:09  Immortal (Chrono Boost)  
  151  10:10  Immortal (Chrono Boost)  
  159  10:15  Probe x4  
  159  10:17  Pylon  
  163  10:27  Probe x2  
  159  10:29  Stalker x4  
  159  10:30  Stalker  
  165  10:37  Probe  
  155  10:44  Stalker x3  
  132  10:55  Probe x3  
  124  11:07  Probe x3 (Chrono Boost)  
  124  11:08  High Templar x2  
  124  11:10  Probe (Chrono Boost)  
  132  11:16  Archon  
  135  11:19  Probe x2 (Chrono Boost)  
  135  11:20  Probe (Chrono Boost)  
  135  11:25  Probe x2 (Chrono Boost)  
  135  11:26  High Templar x2  
  135  11:27  Probe (Chrono Boost), High Templar x2  
  135  11:31  Archon x2  
  135  11:32  Pylon  
  145  11:37  Probe x3  
  104  12:01  Stalker x4  
  81  12:07  Probe  
Show
View Real Time Build Order
Export as new Build Order

Serral Zerg - Winner!

Build Orders: Hatch First 

Get SALT Encoding   

  12  0:00  Drone  
  13  0:12  Overlord  
  13  0:16  Drone  
  14  0:30  Drone x2  
  16  0:42  Drone  
  17  0:51  Hatchery  
  17  0:54  Drone  
  17  0:58  Drone  
  18  1:09  Extractor  
  17  1:13  Spawning Pool  
  17  1:16  Drone  
  17  1:20  Drone  
  18  1:27  Drone  
  19  1:38  Drone  
  20  1:49  Overlord  
  20  2:01  Queen  
  22  2:03  Zergling x4, Queen  
  26  2:11  Drone  
  26  2:12  Metabolic Boost  
  26  2:14  Drone  
  28  2:21  Drone  
  29  2:24  Drone  
  30  2:38  Hatchery  
  30  2:41  Drone  
  30  2:43  Drone  
  31  2:48  Queen  
  33  2:53  Overlord  
  33  2:55  Drone  
  34  2:59  Drone  
  34  3:00  Drone  
  34  3:05  Overlord  
  35  3:10  Queen  
  37  3:13  Drone  
  37  3:17  Drone x2  
  37  3:18  Drone  
  40  3:21  Drone x2  
  40  3:26  Drone  
  43  3:27  Drone  
  43  3:31  Queen  
  46  3:36  Drone  
  46  3:37  Drone  
  46  3:39  Overlord  
  48  3:44  Overlord  
  48  3:50  Queen  
  49  3:56  Drone x4  
  49  4:00  Spore Crawler  
  49  4:01  Spore Crawler  
  51  4:03  Zergling x4  
  51  4:05  Drone  
  51  4:07  Drone  
  55  4:10  Zergling x2, Drone  
  55  4:11  Drone  
  55  4:14  Drone x2  
  60  4:17  Drone x2  
  60  4:20  Drone  
  63  4:26  Evolution Chamber  
  63  4:29  Drone  
  63  4:30  Drone x2  
  65  4:33  Roach Warren  
  65  4:34  Overlord  
  65  4:35  Zergling x2  
  65  4:38  Drone  
  66  4:41  Drone x3  
  69  4:51  Hatchery  
  68  4:53  Overlord  
  68  4:54  Zerg Melee Weapons Level 1  
  68  4:57  Lair  
  68  4:58  Extractor  
  68  4:59  Drone  
  68  5:00  Extractor  
  68  5:01  Drone x2  
  68  5:03  Drone  
  68  5:06  Zergling x2  
  72  5:07  Drone x2  
  72  5:12  Overlord  
  72  5:13  Overlord  
  72  5:14  Drone x2  
  72  5:15  Drone x2  
  72  5:17  Drone  
  72  5:18  Drone  
  78  5:23  Extractor  
  78  5:26  Zergling x10  
  82  5:29  Overlord  
  82  5:35  Zergling x6  
  84  5:38  Drone  
  84  5:40  Overlord  
  84  5:45  Drone x3  
  84  5:46  Extractor  
  84  5:49  Roach x2  
  89  5:51  Queen  
  89  5:52  Drone  
  89  5:54  Roach x3  
  98  5:58  Glial Reconstitution  
  98  6:00  Overseer  
  98  6:04  Roach x6  
  108  6:10  Overlord  
  110  6:12  Roach x3  
  116  6:18  Overlord  
  116  6:20  Overlord  
  116  6:21  Overlord  
  116  6:25  Overlord  
  115  6:26  Extractor  
  115  6:27  Overlord x2  
  115  6:29  Roach x2  
  118  6:36  Drone  
  118  6:37  Roach, Spire  
  118  6:38  Drone, Roach  
  118  6:39  Drone  
  124  6:40  Drone  
  124  6:44  Baneling Nest  
  124  6:45  Drone x2  
  124  6:46  Drone  
  127  6:49  Drone x3  
  127  6:52  Drone x2  
  127  6:53  Drone  
  130  6:56  Drone x2  
  130  7:00  Drone x4  
  134  7:03  Zerg Melee Weapons Level 2  
  134  7:09  Zergling x12  
  139  7:17  Overlord  
  139  7:18  Zergling x4, Roach x3  
  139  7:21  Extractor  
  146  7:29  Extractor  
  145  7:30  Drone x2  
  145  7:31  Roach x8  
  162  7:43  Drone x4  
  166  7:49  Overlord x2  
  166  7:53  Mutalisk x5  
  166  7:55  Centrifugal Hooks  
  176  8:00  Mutalisk  
  176  8:04  Baneling x6  
  175  8:07  Mutalisk  
  175  8:08  Mutalisk  
  175  8:09  Mutalisk  
  179  8:13  Drone x2  
  179  8:14  Drone  
  179  8:15  Zergling x16  
  179  8:19  Zergling x2  
  191  8:26  Overlord x2  
  191  8:28  Hatchery  
  191  8:29  Infestation Pit  
  191  8:30  Overlord  
  184  8:38  Zergling x16  
  184  8:40  Baneling  
  184  8:41  Baneling x11  
  192  8:45  Overseer  
  192  8:49  Evolution Chamber  
  192  8:55  Drone x7  
  198  8:56  Drone  
  198  8:59  Zergling x2  
  200  9:05  Baneling x13  
  200  9:17  Zergling x6  
  200  9:19  Zerg Missile Weapons Level 1  
  200  9:22  Zergling x14  
  198  9:29  Zergling x18, Hatchery  
  198  9:31  Hive  
  198  9:35  Zerg Ground Armor Level 1  
  198  9:45  Zergling x12  
  200  9:58  Baneling x9  
  200  10:04  Spine Crawler  
  200  10:05  Spine Crawler  
  200  10:06  Spine Crawler  
  197  10:07  Drone x3  
  197  10:10  Baneling  
  197  10:11  Baneling x4  
  200  10:17  Baneling x9  
  198  10:24  Zergling x6  
  188  10:42  Zergling x2  
  188  10:43  Zergling x24  
  188  10:44  Adrenal Glands  
  188  10:48  Zergling x12  
  188  10:49  Zergling x10  
  196  10:52  Zergling x18  
  196  10:53  Zergling x4  
  196  10:55  Greater Spire  
  190  11:02  Zergling x10  
  187  11:05  Baneling x8  
  187  11:06  Baneling x10  
  187  11:07  Baneling x14  
  187  11:15  Zergling x22  
  198  11:20  Baneling x8  
  198  11:25  Zergling x2  
  199  11:30  Hatchery  
  198  11:37  Baneling x8  
  198  11:42  Zergling x8  
  187  11:50  Zergling x42  
  182  11:57  Zergling x12  
  176  12:03  Zergling x2  
  176  12:04  Zergling x12  
Tags
 
Add a new tag
Caveats
  • Supply blocks, unpowered buildings, or Contaminate may cause inaccurate times.
  • Supply counts are checked every 10 seconds.